 Dungeon Crawl Stone Soup version 0.30-a0-760-g5a9884bb7c (webtiles) character file.

Game seed: 6545636979263733302

32 Leeroy the Slasher (level 3, -1/18 HPs)
             Began as a Vine Stalker Warper on Feb 11, 2023.
             Slain by a worm (7 damage)
             ... on level 2 of the Dungeon.
             The game lasted 00:01:14 (1128 turns).

Leeroy the Slasher (Vine Stalker Warper)            Turns: 1128, Time: 00:01:15

Health: -1/18      AC:  3    Str: 13    XL:     3   Next: 27%
Magic:  0/7        EV: 11    Int: 13    God:
Gold:   94         SH:  0    Dex: 15    Spells: 4/6 levels left

rFire   . . .      SeeInvis .    a - +0 falchion
rCold   . . .      Faith    .    (no shield)
rNeg    . . .      Spirit   +    b - +0 leather armour
rPois   +          Reflect  .    (no helmet)
rElec   .          Harm     .    (no cloak)
rCorr   .          Rampage  .    (no gloves)
Will    .....                    (no boots)
Stlth   +                        (no amulet)
HPRegen 0.23/turn                o - ring of poison resistance
MPRegen 0.10/turn                (no ring)

@: no status effects
A: fangs 2, magic shield, antimagic bite, no potion heal 2
a: no special abilities


You were on level 2 of the Dungeon.
You visited 1 branch of the dungeon, and saw 2 of its levels.

You collected 94 gold pieces.

Inventory:

Hand Weapons
 a - a +0 falchion (weapon)
Missiles
 d - 7 boomerangs of dispersal (quivered)
 g - 8 poisoned darts
 n - 6 atropa-tipped darts
Armour
 b - a +0 leather armour (worn)
Jewellery
 o - a ring of poison resistance (left hand)
Scrolls
 c - a scroll of blinking
 f - 2 scrolls of identify {unknown}
 i - a scroll of amnesia {unknown}
 l - a scroll of magic mapping {unknown}
 p - a scroll of poison {unknown}
Potions
 e - a potion of might {unknown}
 h - a potion of cancellation {unknown}
 j - a potion of curing {unknown}
 k - a potion of haste {unknown}
 m - a potion of degeneration {unknown}


   Skills:
 - Level 1.7 Fighting
 + Level 3.3 Long Blades
 - Level 0.8 Throwing
 - Level 0.7 Armour
 - Level 1.5 Dodging
 - Level 2.1 Spellcasting
 - Level 3.0 Translocations


You had 4 spell levels left.
You knew the following spells:

 Your Spells              Type           Power      Damage    Failure   Level
a - Blink                 Tloc           18%        N/A       14%         2

Your spell library contained the following spells:

 Spells                   Type           Power      Damage    Failure   Level
 Lesser Beckoning         Tloc           18%        N/A       14%         2
 Teleport Other           Tloc           9%         N/A       28%         3
 Sting                    Tmut/Pois      4%         1d3       32%         1
 Poisonous Vapours        Pois/Air       2%         N/A       43%         2
 Vhi's Electric Charge    Tloc/Air       10%        N/A       45%         3
 Summon Guardian Golem    Hex/Summ       1%         N/A       67%         3
 Manifold Assault         Tloc           9%         N/A       67%         4
 Olgreb's Toxic Radiance  Pois           1%         N/A       97%         4
 Orb of Destruction       Conj           0%         9d5       100%        7
 Spellforged Servitor     Conj/Summ      0%         N/A       100%        7


Dungeon Overview and Level Annotations

Branches:
Dungeon (2/15)

Altars:


Innate Abilities, Weirdness & Mutations

You have extremely sharp teeth.
When hurt, damage is shared between your health and your magic reserves.
Your bite disrupts and absorbs the magic of your enemies.
Potions cannot restore your health.


Message History

You see here a +0 short sword.
You now have 94 gold pieces (gained 15).
p - a scroll labelled VAL PUZIEKH A worm comes into view.
An orc and a rat come into view.
You closely miss the rat. Your bite misses the rat. The rat bites you.
The rat closely misses you.
You closely miss the rat. You bite the rat, but do no damage.
The rat bites you.
You hit the rat.
You kill the rat!
You hit the orc but do no damage. The orc hits you with a +0 falchion.
You closely miss the orc. You punch the orc, but do no damage.
The orc hits you with a +0 falchion.
You barely miss the orc. The orc completely misses you.
You hit the orc but do no damage. You bite the orc, but do no damage.
The orc hits you with a +0 falchion.
You hit the orc.
The orc is almost dead.
The orc barely misses you. x2
You hit the orc.
You kill the orc!
You hit the worm. You bite the worm. You drain its power.
You feel invigorated.
The worm is moderately wounded.
You barely miss the worm.
The worm is moderately wounded.
The worm bites you!
You are too injured to fight recklessly!
You are too injured to fight recklessly!
You are too injured to fight recklessly!
A worm is nearby!
You hit the worm but do no damage. You punch the worm, but do no damage.
The worm is lightly wounded.
The worm barely misses you.
You hit the worm. Your bite misses the worm.
The worm is moderately wounded.
You slash the worm!
The worm is severely wounded.
The worm bites you!
You die...

#.# #.# ###.#
....#######
###.......######
#............#
#............# .#
##....).......####...#
................@w....+
###............####...#
########.....# .#
#.....# #######


You could see a worm.

Vanquished Creatures
  A worm (D:2)
  An orc (D:2)
  3 bats (D:1)
  4 endoplasms
  A giant cockroach (D:1)
  2 hobgoblins
  2 frilled lizards (D:1)
  A goblin (D:2)
  7 kobolds
  6 rats
28 creatures vanquished.

Notes
Turn   | Place    | Note
-------+----------+-------------------------------------------
     0 | D:1      | Leeroy the Vine Stalker Warper began the quest for the Orb.
     0 | D:1      | Reached XP level 1. HP: 11/11 MP: 4/4
   160 | D:1      | Reached XP level 2. HP: 13/15 MP: 4/6
   707 | D:1      | Learned a level 2 spell: Blink
   943 | D:2      | Reached XP level 3. HP: 8/18 MP: 5/7
  1128 | D:2      | Slain by a worm

Illustrated notes

Levels and vault maps discovered:
D:1:      zelgadis_glass_arrival_small, layout_loops_ring
D:2:      layout_basic, uniq_terence

Skill      XL: |  1  2 |
---------------+-------+-----
Long Blades    | 2 3 |  3.3
Fighting       | |  1.7
Throwing       | |  0.8
Armour         | |  0.7
Dodging        | |  1.5
Spellcasting   | |  2.1
Translocations | |  3.0

Action                     || total
---------------------------++-------
  Melee: Falchion          ||    93
         Bite              ||    21
         Punch             ||     2
 Armour: Leather armour    ||    28
  Dodge: Dodged            ||    50

Table legend: (Time is in decaauts)
 A = Elapsed time spent in this place.
 B = Non-inter-level travel time spent in this place.
 C = Inter-level travel time spent in this place.
 D = Time resting spent in this place.
 E = Time spent auto-exploring this place.
 F = Levels seen in this place.
 G = Mean time per level.
                   A        B        C        D        E       F      G
               +--------+--------+--------+--------+--------+-----+--------+
         Total |   1142 |   1074 |     68 |      0 |    860 |   2 |  571.0 |
       Dungeon |   1142 |   1074 |     68 |      0 |    860 |   2 |  571.0 |
               +--------+--------+--------+--------+--------+-----+--------+

Top non-repeatable levels by time:
     D:1: 905 daAuts
     D:2: 237 daAuts
